TEX
MIDLAND ROCKHOUNDS @ ARKANSAS TRAVELERS
08/14/2099
 
TOP OF THE 1ST
Midland RockHounds batting - Pitching for Arkansas Travelers : RHP Todd Bristcoe
Pitching: RHP Todd Bristcoe
Batting: RHB Bobby Flores 0-0: Ball
1-0: Called Strike
1-1: Called Strike
1-2: Foul Ball, location: 7LMFF
1-2: Ball
2-2: Ball
3-2: SINGLE (Groundball, 13S, EV 68.8 MPH) (infield hit)
Batting: RHB Milt May 0-0: Ball
1-0: Fly out, F3 (Popup, 23F, EV 85.6 MPH)
Batting: RHB Jose Cota 0-0: Ball
1-0: Ball
2-0: Called Strike
2-1: Grounds into double play, 6-4-3 (Groundball, 6S, EV 77.5 MPH)
Top of the 1st over - 0 runs, 1 hit, 0 errors, 0 left on base; Midland 0 - Arkansas 0
BOTTOM OF THE 1ST
Arkansas Travelers batting - Pitching for Midland RockHounds : RHP Bob Love
Pitching: RHP Bob Love
Batting: LHB Matt Johansen 0-0: Foul Ball, location: 2RF
0-1: Ball
1-1: Called Strike
1-2: Ball
2-2: Ground out U3 (Groundball, 3, EV 100.6 MPH)
Batting: RHB John Phillips 0-0: Ball
1-0: Ball
2-0: Ball
3-0: Base on Balls
Batting: SHB Jonathan Paszek 0-0: Foul Ball, location: 2F
0-1: SINGLE (Groundball, 34, EV 100.6 MPH)
John Phillips to second
Runner from 2nd tries for 3rd, SAFE, no throw by RF
Batting: LHB Danny Tijerina 0-0: Foul Ball, location: 2F
0-1: Ball
1-1: SINGLE (Line Drive, 8LS, EV 93.8 MPH)
John Phillips scores
Jonathan Paszek to second
Batting: LHB Adrian Ellis 0-0: Foul Ball, location: 25F
0-1: Ball
1-1: Foul Ball, location: 2F
1-2: Foul Ball, location: 5FF
1-2: Strikes out looking
Batting: RHB David Whitehead 0-0: Ball
1-0: Fly out, F8 (Flyball, 8LM, EV 93.8 MPH)
Bottom of the 1st over - 1 run, 2 hits, 0 errors, 2 left on base; Midland 0 - Arkansas 1
TOP OF THE 2ND
Midland RockHounds batting - Pitching for Arkansas Travelers : RHP Todd Bristcoe
Batting: SHB Andy Phillips 0-0: Ground out U3 (Groundball, 3, EV 77.5 MPH)
Batting: LHB Jesse Nunes 0-0: Ball
1-0: Called Strike
1-1: Fly out, F8 (Flyball, 8LD, EV 98.1 MPH)
Batting: RHB Brian Kantar 0-0: Called Strike
0-1: Ball
1-1: Foul Ball, location: 7LMF
1-2: Strikes out swinging
Top of the 2nd over - 0 runs, 0 hits, 0 errors, 0 left on base; Midland 0 - Arkansas 1
BOTTOM OF THE 2ND
Arkansas Travelers batting - Pitching for Midland RockHounds : RHP Bob Love
Batting: LHB Bobby Errington 0-0: Ball
1-0: Called Strike
1-1: Called Strike
1-2: Foul Ball, location: 7LDF
1-2: Foul Ball, location: 2F
1-2: Ball
2-2: Foul Ball, location: 7LSF
2-2: Ball
3-2: Fly out, F9 (Flyball, 9S, EV 85.6 MPH)
Batting: RHB Dan Bouldin 0-0: Ground out 1-3 (Groundball, 15S, EV 64.4 MPH)
Batting: RHB Nicolas Montecino 0-0: Ground out U3 (Groundball, 3, EV 106.9 MPH)
Bottom of the 2nd over - 0 runs, 0 hits, 0 errors, 0 left on base; Midland 0 - Arkansas 1
TOP OF THE 3RD
Midland RockHounds batting - Pitching for Arkansas Travelers : RHP Todd Bristcoe
Batting: RHB Luis Zuniga 0-0: Foul Ball, location: 2F
0-1: Ball
1-1: Ball
2-1: Called Strike
2-2: Foul Ball, location: 2F
2-2: Ball
3-2: Base on Balls
Batting: SHB Matt Ludwig 0-0: Ball
1-0: Ball
2-0: Bunt - Flyout to P! F1
Batting: RHB Victor Martinez 0-0: Ball
1-0: Ball
2-0: Ball
3-0: Called Strike
3-1: Called Strike
3-2: Foul Ball, location: 23FF
3-2: SINGLE (Flyball, 6D, EV 90.0 MPH)
Luis Zuniga to second
Batting: RHB Bobby Flores 0-0: Ball
1-0: Called Strike
1-1: Foul Ball, location: 5FF
1-2: Fly out, F9 (Flyball, 9, EV 96.9 MPH)
Batting: RHB Milt May 0-0: Ball
1-0: Called Strike
1-1: Ball
2-1: Ball
3-1: Foul Ball, location: 2F
3-2: Strikes out swinging
Top of the 3rd over - 0 runs, 1 hit, 0 errors, 2 left on base; Midland 0 - Arkansas 1
BOTTOM OF THE 3RD
Arkansas Travelers batting - Pitching for Midland RockHounds : RHP Bob Love
Batting: LHB Matt Johansen 0-0: Called Strike
0-1: Fly out, F8 (Flyball, 8LXD, EV 110.6 MPH)
Batting: RHB John Phillips 0-0: Ball
1-0: Foul Ball, location: 3FF
1-1: Foul Ball, location: 5DF
1-2: Strikes out swinging
Batting: SHB Jonathan Paszek 0-0: Ball
1-0: SINGLE (Line Drive, 7S, EV 101.9 MPH)
Batting: LHB Danny Tijerina 0-0: Called Strike
0-1: Foul Ball, location: 25F
0-2: Ball
1-2: Fielders Choice at 2nd, 5-4 (Groundball, 5, EV 101.3 MPH)
Bottom of the 3rd over - 0 runs, 1 hit, 0 errors, 1 left on base; Midland 0 - Arkansas 1
TOP OF THE 4TH
Midland RockHounds batting - Pitching for Arkansas Travelers : RHP Todd Bristcoe
Batting: RHB Jose Cota 0-0: Ball
1-0: Called Strike
1-1: Foul Ball, location: 2F
1-2: Fly out, F4 (Popup, 23, EV 87.5 MPH)
Batting: SHB Andy Phillips 0-0: Called Strike
0-1: Ball
1-1: Foul Ball, location: 3DF
1-2: Foul Ball, location: 2F
1-2: Foul Ball, location: 2F
1-2: Strikes out swinging
Batting: LHB Jesse Nunes 0-0: Ball
1-0: Called Strike
1-1: Ball
2-1: Fly out, F8 (Line Drive, 8LM, EV 97.5 MPH)
Top of the 4th over - 0 runs, 0 hits, 0 errors, 0 left on base; Midland 0 - Arkansas 1
BOTTOM OF THE 4TH
Arkansas Travelers batting - Pitching for Midland RockHounds : RHP Bob Love
Batting: LHB Adrian Ellis 0-0: Ball
1-0: Ball
2-0: Ball
3-0: Called Strike
3-1: Called Strike
3-2: Fly out, F9 (Line Drive, 9, EV 89.4 MPH)
Batting: RHB David Whitehead 0-0: Ball
1-0: Ground out 5-3 (Groundball, 5, EV 83.8 MPH)
Batting: LHB Bobby Errington 0-0: Ball
1-0: Swinging Strike
1-1: Fly out, F7 (Flyball, 78S, EV 86.9 MPH)
Bottom of the 4th over - 0 runs, 0 hits, 0 errors, 0 left on base; Midland 0 - Arkansas 1
TOP OF THE 5TH
Midland RockHounds batting - Pitching for Arkansas Travelers : RHP Todd Bristcoe
Batting: RHB Brian Kantar 0-0: Ball
1-0: SINGLE (Flyball, 9LS, EV 96.3 MPH)
Batting: RHB Luis Zuniga 0-0: Ball
1-0: Bunted foul
1-1: Sac Bunt to 2L - play at second, runner OUT! 2-6
Batting: SHB Matt Ludwig 0-0: SINGLE (Groundball, 4MD, EV 101.3 MPH)
Luis Zuniga to second
Runner from 2nd tries for 3rd, SAFE, throw by CF made to third
Batting: RHB Victor Martinez 0-0: Called Strike
0-1: Foul Ball, location: 25FF
0-2: DOUBLE (Line Drive, 5D, EV 103.8 MPH)
Luis Zuniga scores
Matt Ludwig to third
Runner from 3rd tries for Home, SAFE, throw by LF to home
Batting: RHB Bobby Flores 0-0: Called Strike
0-1: Ball
1-1: Foul Ball, location: 2F
1-2: Ball
2-2: Ball
3-2: Foul Ball, location: 5FF
3-2: Fly out, F8 (Flyball, 8LM, EV 80.0 MPH)
Batting: RHB Milt May 0-0: DOUBLE (Flyball, 8RXD, EV 111.3 MPH)
Victor Martinez scores
Batting: RHB Jose Cota 0-0: Ball
1-0: SINGLE (Groundball, 56D, EV 95.0 MPH)
Milt May to third
Runner from 3rd tries for Home, SAFE, throw by LF to home
Batting: SHB Andy Phillips 0-0: SINGLE (Line Drive, 9S, EV 90.0 MPH)
Jose Cota to second
Runner from 2nd tries for 3rd, SAFE, no throw by RF
Batting: LHB Jesse Nunes 0-0: Fly out, F9 (Flyball, 9S, EV 88.8 MPH)
Top of the 5th over - 4 runs, 6 hits, 0 errors, 2 left on base; Midland 4 - Arkansas 1
BOTTOM OF THE 5TH
Arkansas Travelers batting - Pitching for Midland RockHounds : RHP Bob Love
Batting: RHB Dan Bouldin 0-0: Ground out 3-1 (Groundball, 34S, EV 82.5 MPH)
Batting: RHB Nicolas Montecino 0-0: Ball
1-0: Called Strike
1-1: Called Strike
1-2: Foul Ball, location: 9LSF
1-2: Strikes out swinging
Batting: LHB Matt Johansen 0-0: Ball
1-0: Fly out, F9 (Flyball, 89S, EV 88.8 MPH)
Bottom of the 5th over - 0 runs, 0 hits, 0 errors, 0 left on base; Midland 4 - Arkansas 1
TOP OF THE 6TH
Midland RockHounds batting - Pitching for Arkansas Travelers : RHP Todd Bristcoe
Batting: RHB Brian Kantar 0-0: Ball
1-0: Ground out U3 (Groundball, 34, EV 108.8 MPH)
Batting: RHB Luis Zuniga 0-0: Ball
1-0: Foul Ball, location: 5DF
1-1: Ball
2-1: Ball
3-1: Fly out, F8 (Flyball, 8RM, EV 88.1 MPH)
Batting: SHB Matt Ludwig 0-0: Fly out, F7 (Flyball, 78S, EV 86.9 MPH)
Top of the 6th over - 0 runs, 0 hits, 0 errors, 0 left on base; Midland 4 - Arkansas 1
BOTTOM OF THE 6TH
Arkansas Travelers batting - Pitching for Midland RockHounds : RHP Bob Love
Batting: RHB John Phillips 0-0: Foul Ball, location: 2RF
0-1: Fly out, F8 (Flyball, 8LS, EV 89.4 MPH)
Batting: SHB Jonathan Paszek 0-0: Ball
1-0: Ball
2-0: Swinging Strike
2-1: Ball
3-1: Foul Ball, location: 2F
3-2: Strikes out looking
Batting: LHB Danny Tijerina 0-0: Called Strike
0-1: SINGLE (Line Drive, 4MD, EV 96.3 MPH)
Batting: LHB Adrian Ellis 0-0: Ball
1-0: Foul Ball, location: 23FF
1-1: Ball
2-1: Ball
3-1: Fly out, F4 (Flyball, 34D, EV 93.1 MPH)
Bottom of the 6th over - 0 runs, 1 hit, 0 errors, 1 left on base; Midland 4 - Arkansas 1
TOP OF THE 7TH
Midland RockHounds batting - Pitching for Arkansas Travelers : RHP Todd Bristcoe
Batting: RHB Victor Martinez 0-0: Called Strike
0-1: Ball
1-1: Ball
2-1: Swinging Strike
2-2: Foul Ball, location: 9LSF
2-2: Ground out 6-3 (Groundball, 6MD, EV 96.3 MPH)
Batting: RHB Bobby Flores 0-0: Ball
1-0: Ball
2-0: Ball
3-0: Called Strike
3-1: Base on Balls
Batting: RHB Milt May 0-0: Ball
1-0: Ball
2-0: Ball
3-0: Base on Balls
Bobby Flores to second
Batting: RHB Jose Cota 0-0: Ball
Bobby Flores steals 3rd base
1-0: Ball
2-0: Ball
3-0: Swinging Strike
3-1: Called Strike
3-2: Strikes out swinging
Batting: SHB Andy Phillips 0-0: Fly out, F7 (Line Drive, 7, EV 105.0 MPH)
Top of the 7th over - 0 runs, 0 hits, 0 errors, 2 left on base; Midland 4 - Arkansas 1
BOTTOM OF THE 7TH
Arkansas Travelers batting - Pitching for Midland RockHounds : RHP Bob Love
Batting: RHB David Whitehead 0-0: Ball
1-0: Ground out 5-3 (Groundball, 56, EV 106.3 MPH)
Batting: LHB Bobby Errington 0-0: Ball
1-0: Fly out, F9 (Flyball, 9LM, EV 85.6 MPH)
Batting: RHB Dan Bouldin 0-0: Ball
1-0: SINGLE (Groundball, 6, EV 86.9 MPH)
Batting: RHB Nicolas Montecino 0-0: Ball
Dan Bouldin steals 2nd base
1-0: Called Strike
1-1: TRIPLE (Groundball, 5L, EV 100.6 MPH)
Dan Bouldin scores
Batting: LHB Matt Johansen 0-0: Ball
1-0: Ball
2-0: Ball
3-0: Called Strike
3-1: SINGLE (Groundball, 34D, EV 101.3 MPH)
Nicolas Montecino scores
Batting: RHB John Phillips 0-0: Called Strike
Matt Johansen steals 2nd base
0-1: Fly out, F8 (Flyball, 89D, EV 110.0 MPH)
Bottom of the 7th over - 2 runs, 3 hits, 0 errors, 1 left on base; Midland 4 - Arkansas 3
TOP OF THE 8TH
Midland RockHounds batting - Pitching for Arkansas Travelers : RHP Todd Bristcoe
Pitching: LHP Blake Hadley
Batting: LHB Jesse Nunes 0-0: Ball
1-0: Ball
2-0: Ball
3-0: Base on Balls
Pitching: RHP Dave Jackson
Batting: RHB Brian Kantar 0-0: Ball
1-0: Ground out 5-3 (Groundball, 5, EV 91.3 MPH)
Jesse Nunes to second
Batting: RHB Luis Zuniga 0-0: Called Strike
0-1: Ball
1-1: Called Strike
1-2: Strikes out swinging
Batting: SHB Matt Ludwig 0-0: Ground out 4-3 (Groundball, 4, EV 93.1 MPH)
Top of the 8th over - 0 runs, 0 hits, 0 errors, 1 left on base; Midland 4 - Arkansas 3
BOTTOM OF THE 8TH
Arkansas Travelers batting - Pitching for Midland RockHounds : RHP Bob Love
Pitching: RHP Joe Chadburn
Batting: SHB Jonathan Paszek 0-0: Called Strike
0-1: Ball
1-1: Swinging Strike
1-2: Strikes out swinging
Batting: LHB Danny Tijerina 0-0: Ball
1-0: Called Strike
1-1: Ball
2-1: Called Strike
2-2: Ground out 4-3 (Groundball, 4, EV 83.8 MPH)
Batting: LHB Adrian Ellis 0-0: Ball
1-0: Ground out 6-3 (Groundball, 6, EV 90.6 MPH)
Bottom of the 8th over - 0 runs, 0 hits, 0 errors, 0 left on base; Midland 4 - Arkansas 3
TOP OF THE 9TH
Midland RockHounds batting - Pitching for Arkansas Travelers : RHP Dave Jackson
Batting: LHB Phil Stuart 0-0: Called Strike
0-1: Ball
1-1: SINGLE (Line Drive, 6D, EV 103.8 MPH)
Batting: RHB Bobby Flores 0-0: Ball
1-0: Called Strike
1-1: Foul Ball, location: 2F
1-2: Foul Ball, location: 2F
1-2: Ball
2-2: Foul Ball, location: 7LMF
2-2: Fly out, F6 (Popup, 6MD, EV 51.3 MPH)
Batting: RHB Milt May 0-0: Ball
1-0: Ball
2-0: Ball
3-0: Called Strike
3-1: 2-RUN HOME RUN (Flyball, 78XD, EV 99.4 MPH), Distance : 426 ft
Batting: RHB Jose Cota 0-0: Ball
1-0: Swinging Strike
1-1: Swinging Strike
1-2: Foul Ball, location: 25FF
1-2: Foul Ball, location: 25F
1-2: Strikes out swinging
Batting: SHB Andy Phillips 0-0: Called Strike
0-1: Swinging Strike
0-2: Strikes out swinging
Top of the 9th over - 2 runs, 2 hits, 0 errors, 0 left on base; Midland 6 - Arkansas 3
BOTTOM OF THE 9TH
Arkansas Travelers batting - Pitching for Midland RockHounds : RHP Joe Chadburn
Batting: RHB David Whitehead 0-0: Called Strike
0-1: Ball
1-1: Ball
2-1: Swinging Strike
2-2: Foul Ball, location: 9LSFF
2-2: Foul Ball, location: 2F
2-2: Strikes out swinging, 2-3 out at first.
Batting: LHB Bobby Errington 0-0: Ball
1-0: Ball
2-0: Called Strike
2-1: Ball
3-1: Ground out 2-3 (Groundball, 2L, EV 68.1 MPH)
Batting: RHB Dan Bouldin 0-0: Ball
1-0: Ball
2-0: Ball
3-0: Called Strike
3-1: Fly out, F9 (Flyball, 89M, EV 86.9 MPH)
Bottom of the 9th over - 0 runs, 0 hits, 0 errors, 0 left on base; Midland 6 - Arkansas 3
Tuesday, May 14th , 2024 - OOTP Baseball 24.11 Build 85